TOP OF THE 1ST |
Buchanan HS batting - Pitching for Spanish Fork HS : RHP Rob Ochoa
|
Pitching: RHP Rob Ochoa
|
|
Batting: RHB Juan Martínez
|
0-0: Fly out, F7 (Flyball, 7LM)
|
Batting: RHB Jorge Álvarez
|
0-0: Ball 1-0: Bunt missed! 1-1: SINGLE (Groundball, 6D)
|
Batting: RHB Tom Ross
|
0-0: Foul Ball, location: 2F 0-1: Ball 1-1: Foul Ball, location: 2F 1-2: Foul Ball, location: 2F 1-2: Ball 2-2: Ball 3-2: TRIPLE (Line Drive, 8LXD) Jorge Álvarez scores
|
Batting: RHB Anthony Moore
|
0-0: Ball 1-0: Ball 2-0: SINGLE (Groundball, 56D) Tom Ross scores
|
Batting: LHB David Guillén
|
0-0: Ball 1-0: Called Strike 1-1: Fly out, F8 (Flyball, 8LS)
|
Batting: RHB Joe Ritchie
|
0-0: Ball 1-0: Ball 2-0: Called Strike 2-1: Ball 3-1: Base on Balls Anthony Moore to second
|
Batting: RHB Ed McGahaln
|
0-0: Ball 1-0: Called Strike 1-1: Foul Ball, location: 2F 1-2: Strikes out swinging
|
Top of the 1st over - 2 runs, 3 hits, 0 errors, 2 left on base; Buchanan HS 2 - Spanish Fork HS 0 |
BOTTOM OF THE 1ST |
Spanish Fork HS batting - Pitching for Buchanan HS : RHP Brian Stanley
|
Pitching: RHP Brian Stanley
|
|
Batting: RHB Thad Bauer
|
0-0: Ball 1-0: Ball 2-0: Called Strike 2-1: Called Strike 2-2: Strikes out swinging
|
Batting: LHB Stanton Wilson
|
0-0: Foul Ball, location: 2F 0-1: Ball 1-1: Foul Ball, location: 2F 1-2: Foul Ball, location: 2F 1-2: Ball 2-2: Ball 3-2: Strikes out swinging
|
Batting: RHB Thomas Hollis
|
0-0: Ball 1-0: Ground out 5-3 (Groundball, 56S)
|
Bottom of the 1st over - 0 runs, 0 hits, 0 errors, 0 left on base; Buchanan HS 2 - Spanish Fork HS 0 |
TOP OF THE 2ND |
Buchanan HS batting - Pitching for Spanish Fork HS : RHP Rob Ochoa
|
Batting: RHB Jim Williams
|
0-0: Ball 1-0: Ball 2-0: SINGLE (Groundball, 56S) (infield hit)
|
Batting: LHB Albert Fuentes
|
0-0: Called Strike 0-1: Foul Ball, location: 2F 0-2: Ball 1-2: Ball 2-2: Strikes out looking
|
Batting: RHB Juan Martínez
|
0-0: Ball 1-0: Ball 2-0: Fly out, F9 (Flyball, 9S)
|
Batting: RHB Jorge Álvarez
|
0-0: Ball 1-0: Fly out, F6 (Flyball, 6D)
|
Top of the 2nd over - 0 runs, 1 hit, 0 errors, 1 left on base; Buchanan HS 2 - Spanish Fork HS 0 |
BOTTOM OF THE 2ND |
Spanish Fork HS batting - Pitching for Buchanan HS : RHP Brian Stanley
|
Batting: RHB Millard Tipton
|
0-0: Ball 1-0: Ball 2-0: Ball 3-0: Called Strike 3-1: Foul Ball, location: 2F 3-2: Base on Balls
|
Batting: SHB Iván Flores
|
0-0: Foul Ball, location: 2F 0-1: Swinging Strike 0-2: Foul Ball, location: 2F 0-2: Ball 1-2: Ball 2-2: Strikes out swinging
|
Batting: RHB John Flowers
|
0-0: DOUBLE (Flyball, 89D) Millard Tipton to third
|
Batting: LHB Damon Smith
|
0-0: Fly out, F4 (Popup, 4)
|
Batting: SHB Keith Witt
|
0-0: Ball 1-0: Called Strike 1-1: Ball 2-1: Foul Ball, location: 2F 2-2: Ball 3-2: Foul Ball, location: 2F 3-2: Base on Balls
|
Batting: LHB David MacIntyre
|
0-0: Foul Ball, location: 2F 0-1: Fly out, F5 (Popup, 6S)
|
Bottom of the 2nd over - 0 runs, 1 hit, 0 errors, 3 left on base; Buchanan HS 2 - Spanish Fork HS 0 |
TOP OF THE 3RD |
Buchanan HS batting - Pitching for Spanish Fork HS : RHP Rob Ochoa
|
Batting: RHB Tom Ross
|
0-0: Foul Ball, location: 2F 0-1: Foul Ball, location: 2F 0-2: Foul Ball, location: 2F 0-2: Foul Ball, location: 2F 0-2: DOUBLE (Line Drive, 9D)
|
Batting: RHB Anthony Moore
|
0-0: Ball 1-0: SINGLE (Groundball, 6MD) Tom Ross to third
|
Batting: LHB David Guillén
|
0-0: Ball 1-0: Called Strike 1-1: Called Strike 1-2: Fly out, F8 (Line Drive, 89D) Runner from 3rd tags up, SCORES, no throw
|
Batting: RHB Joe Ritchie
|
0-0: Called Strike 0-1: Ball 1-1: Ball 2-1: 2-RUN HOME RUN (Flyball, 78XD), Distance : 395 ft
|
Batting: RHB Ed McGahaln
|
0-0: Ball 1-0: Ball 2-0: Ball 3-0: Base on Balls
|
Pitching: RHP Gonzalo Torres
|
|
Batting: RHB Jim Williams
|
0-0: Foul Ball, location: 2F 0-1: Ball 1-1: Hit by Pitch Ed McGahaln to second
|
Batting: LHB Albert Fuentes
|
0-0: Ball 1-0: Foul Ball, location: 2F 1-1: SINGLE (Flyball, 8LS) Ed McGahaln to third Jim Williams to second Runner from 3rd tries for Home, SAFE, no throw
|
Batting: RHB Juan Martínez
|
0-0: Foul Ball, location: 2F 0-1: Swinging Strike 0-2: 3-RUN HOME RUN (Line Drive, 9D), Distance : 377 ft
|
Batting: RHB Jorge Álvarez
|
0-0: SINGLE (Line Drive, 4MD)
|
Batting: RHB Tom Ross
|
0-0: Called Strike 0-1: Swinging Strike 0-2: Ball 1-2: Ball 2-2: Strikes out looking
|
Batting: RHB Anthony Moore
|
0-0: Ball 1-0: Ball 2-0: Ball 3-0: Called Strike 3-1: Called Strike 3-2: Foul Ball, location: 2F 3-2: Strikes out swinging
|
Top of the 3rd over - 7 runs, 6 hits, 0 errors, 1 left on base; Buchanan HS 9 - Spanish Fork HS 0 |
BOTTOM OF THE 3RD |
Spanish Fork HS batting - Pitching for Buchanan HS : RHP Brian Stanley
|
Batting: RHB Thad Bauer
|
0-0: Ball 1-0: Foul Ball, location: 2F 1-1: Foul Ball, location: 2F 1-2: Ball 2-2: SOLO HOME RUN (Flyball, 78XD), Distance : 409 ft
|
Batting: LHB Stanton Wilson
|
0-0: Ball 1-0: Ground out 2-3 (Groundball, 15S)
|
Batting: RHB Thomas Hollis
|
0-0: Called Strike 0-1: Foul Ball, location: 2F 0-2: SINGLE (Flyball, 78M)
|
Batting: RHB Millard Tipton
|
0-0: Called Strike 0-1: SINGLE (Line Drive, 56D) Thomas Hollis to second
|
Batting: SHB Iván Flores
|
0-0: Ball 1-0: Called Strike 1-1: Ball 2-1: Swinging Strike 2-2: Strikes out swinging
|
Batting: RHB John Flowers
|
0-0: Fly out, F9 (Flyball, 9D)
|
Bottom of the 3rd over - 1 run, 3 hits, 0 errors, 2 left on base; Buchanan HS 9 - Spanish Fork HS 1 |
TOP OF THE 4TH |
Buchanan HS batting - Pitching for Spanish Fork HS : RHP Gonzalo Torres
|
Batting: LHB David Guillén
|
0-0: Ball 1-0: Ball 2-0: SINGLE (Groundball, 4MD)
|
Batting: RHB Joe Ritchie
|
0-0: Ball 1-0: Ball 2-0: Called Strike 2-1: Ball 3-1: Called Strike 3-2: Strikes out looking
|
Batting: RHB Ed McGahaln
|
0-0: Ball 1-0: Ball 2-0: Ball 3-0: Called Strike 3-1: Foul Ball, location: 2F 3-2: Foul Ball, location: 2F 3-2: SINGLE (Line Drive, 89S) David Guillén to second
|
Batting: RHB Jim Williams
|
0-0: Called Strike 0-1: Foul Ball, location: 2F 0-2: Foul Ball, location: 2F 0-2: Ball 1-2: Strikes out looking
|
Batting: LHB Albert Fuentes
|
0-0: Ball 1-0: Foul Ball, location: 2F 1-1: Ball 2-1: 3-RUN HOME RUN (Flyball, 9LD), Distance : 351 ft
|
Batting: RHB Juan Martínez
|
0-0: Called Strike 0-1: Swinging Strike 0-2: DOUBLE (Line Drive, 5D)
|
Batting: RHB Jorge Álvarez
|
0-0: Ball 1-0: Called Strike 1-1: SINGLE (Flyball, 7) Juan Martínez to third Runner from 3rd tries for Home, SAFE, no throw
|
Batting: RHB Tom Ross
|
0-0: Ball 1-0: Foul Ball, location: 2F 1-1: SINGLE (Groundball, 56S) (infield hit) Jorge Álvarez to second
|
Batting: RHB Anthony Moore
|
0-0: Foul Ball, location: 2F 0-1: Ball 1-1: Ball 2-1: Foul Ball, location: 2F 2-2: Ball 3-2: Base on Balls Jorge Álvarez to third Tom Ross to second
|
Batting: LHB David Guillén
|
0-0: Called Strike 0-1: Ball 1-1: Ground out 4-3 (Groundball, 4D)
|
Top of the 4th over - 4 runs, 6 hits, 0 errors, 3 left on base; Buchanan HS 13 - Spanish Fork HS 1 |
BOTTOM OF THE 4TH |
Spanish Fork HS batting - Pitching for Buchanan HS : RHP Brian Stanley
|
Batting: LHB Damon Smith
|
0-0: Ball 1-0: Foul Ball, location: 2F 1-1: Swinging Strike 1-2: Ball 2-2: Strikes out swinging
|
Batting: SHB Keith Witt
|
0-0: Ground out 4-3 (Groundball, 4)
|
Batting: LHB David MacIntyre
|
0-0: Ball 1-0: Ball 2-0: Foul Ball, location: 2F 2-1: Foul Ball, location: 2F 2-2: Foul Ball, location: 2F 2-2: Fly out, F7 (Flyball, 7S)
|
Bottom of the 4th over - 0 runs, 0 hits, 0 errors, 0 left on base; Buchanan HS 13 - Spanish Fork HS 1 |
TOP OF THE 5TH |
Buchanan HS batting - Pitching for Spanish Fork HS : RHP Gonzalo Torres
|
Pitching: RHP Juan Berrera
|
|
Batting: RHB Joe Ritchie
|
0-0: Ball 1-0: Called Strike 1-1: Ball 2-1: Called Strike 2-2: Strikes out swinging
|
Batting: RHB Ed McGahaln
|
0-0: Ball 1-0: Fly out, F4 (Popup, 4)
|
Batting: RHB Jim Williams
|
0-0: SINGLE (Groundball, 4D)
|
Batting: LHB Albert Fuentes
|
0-0: Ball 1-0: Foul Ball, location: 2F 1-1: Ball 2-1: Ball 3-1: Base on Balls Jim Williams to second
|
Batting: RHB Juan Martínez
|
0-0: Foul Ball, location: 2F 0-1: Foul Ball, location: 2F 0-2: Fly out, F7 (Flyball, 78D)
|
Top of the 5th over - 0 runs, 1 hit, 0 errors, 2 left on base; Buchanan HS 13 - Spanish Fork HS 1 |
BOTTOM OF THE 5TH |
Spanish Fork HS batting - Pitching for Buchanan HS : RHP Brian Stanley
|
Batting: RHB Thad Bauer
|
0-0: Foul Ball, location: 2F 0-1: Single, Error in OF, E9, batter to second base
|
Batting: LHB Stanton Wilson
|
0-0: Fly out, F2 (Popup, 25F)
|
Batting: RHB Thomas Hollis
|
0-0: Ball 1-0: Called Strike 1-1: Ground out 5-3 (Groundball, 56S) Thad Bauer to third
|
Batting: RHB Millard Tipton
|
0-0: Ball 1-0: Ball 2-0: Called Strike 2-1: Ball 3-1: Called Strike 3-2: Base on Balls
|
Batting: SHB Iván Flores
|
0-0: Ball 1-0: Ball 2-0: Foul Ball, location: 2F 2-1: Ball 3-1: 3-RUN HOME RUN (Flyball, 9D), Distance : 388 ft
|
Batting: RHB John Flowers
|
0-0: Ground out 6-3 (Groundball, 6)
|
Bottom of the 5th over - 3 runs, 2 hits, 1 error, 0 left on base; Buchanan HS 13 - Spanish Fork HS 4 |
TOP OF THE 6TH |
Buchanan HS batting - Pitching for Spanish Fork HS : RHP Juan Berrera
|
Batting: RHB Jorge Álvarez
|
0-0: Called Strike 0-1: Foul Ball, location: 2F 0-2: Foul Ball, location: 2F 0-2: Ground out 3-1 (Groundball, 34)
|
Batting: RHB Tom Ross
|
0-0: Ball 1-0: Called Strike 1-1: Called Strike 1-2: Ball 2-2: Strikes out swinging
|
Batting: RHB Anthony Moore
|
0-0: Foul Ball, location: 2F 0-1: Ground out 6-3 (Groundball, 6S)
|
Top of the 6th over - 0 runs, 0 hits, 0 errors, 0 left on base; Buchanan HS 13 - Spanish Fork HS 4 |
BOTTOM OF THE 6TH |
Spanish Fork HS batting - Pitching for Buchanan HS : RHP Brian Stanley
|
Pitching: RHP David Watson
|
|
Batting: LHB Damon Smith
|
0-0: Ball 1-0: Ball 2-0: SINGLE (Groundball, 4MD)
|
Batting: SHB Keith Witt
|
0-0: Fly out, F7 (Flyball, 7D) Runner from 1st tags up, OUT at 2nd
|
Batting: LHB David MacIntyre
|
0-0: Ball 1-0: Ball 2-0: Ball 3-0: Base on Balls
|
Batting: RHB Thad Bauer
|
0-0: Called Strike 0-1: Swinging Strike 0-2: Fly out, F7 (Flyball, 7)
|
Bottom of the 6th over - 0 runs, 1 hit, 0 errors, 1 left on base; Buchanan HS 13 - Spanish Fork HS 4 |
TOP OF THE 7TH |
Buchanan HS batting - Pitching for Spanish Fork HS : RHP Juan Berrera
|
Batting: LHB David Guillén
|
0-0: Foul Ball, location: 2F 0-1: Foul Ball, location: 2F 0-2: Ball 1-2: Foul Ball, location: 2F 1-2: Ball 2-2: Ball 3-2: Base on Balls
|
Batting: RHB Joe Ritchie
|
0-0: Ball 1-0: Ball 2-0: Foul Ball, location: 2F 2-1: Foul Ball, location: 2F 2-2: Ball 3-2: Base on Balls David Guillén to second
|
Pitching: LHP Mike Davis
|
|
Batting: RHB Ed McGahaln
|
0-0: Called Strike 0-1: Fly out, F8 (Flyball, 78M)
|
Batting: RHB Jim Williams
|
0-0: Ball 1-0: Foul Ball, location: 2F 1-1: Hit by Pitch David Guillén to third Joe Ritchie to second
|
Batting: LHB Albert Fuentes
|
0-0: Ball 1-0: Reached on error, E3 (Groundball, 3) David Guillén scores Joe Ritchie to third Jim Williams to second
|
Batting: RHB Juan Martínez
|
0-0: Ball 1-0: Ball 2-0: Fly out, F6 (Line Drive, 6) Lined into DP, 6-4 (Line Drive, 6)
|
Top of the 7th over - 1 run, 0 hits, 1 error, 2 left on base; Buchanan HS 14 - Spanish Fork HS 4 |
BOTTOM OF THE 7TH |
Spanish Fork HS batting - Pitching for Buchanan HS : RHP David Watson
|
Batting: LHB Stanton Wilson
|
0-0: Ball 1-0: Ball 2-0: Ball 3-0: Called Strike 3-1: Called Strike 3-2: SINGLE (Flyball, 7S)
|
Batting: RHB Thomas Hollis
|
0-0: Ball 1-0: Ball 2-0: Grounds into double play, 6-4-3 (Groundball, 6)
|
Batting: RHB Millard Tipton
|
0-0: Foul Ball, location: 2F 0-1: Ball 1-1: Ball 2-1: Called Strike 2-2: Ball 3-2: Fly out, F4 (Popup, 4M)
|
Bottom of the 7th over - 0 runs, 1 hit, 0 errors, 0 left on base; Buchanan HS 14 - Spanish Fork HS 4 |
TOP OF THE 8TH |
Buchanan HS batting - Pitching for Spanish Fork HS : LHP Mike Davis
|
Batting: RHB Jorge Álvarez
|
0-0: Swinging Strike 0-1: Foul Ball, location: 2F 0-2: Ball 1-2: Strikes out swinging
|
Batting: RHB Tom Ross
|
0-0: Foul Ball, location: 2F 0-1: Ball 1-1: Called Strike 1-2: Ball 2-2: Strikes out swinging
|
Batting: RHB Anthony Moore
|
0-0: Swinging Strike 0-1: Ball 1-1: Fly out, F8 (Flyball, 8LD)
|
Top of the 8th over - 0 runs, 0 hits, 0 errors, 0 left on base; Buchanan HS 14 - Spanish Fork HS 4 |
BOTTOM OF THE 8TH |
Spanish Fork HS batting - Pitching for Buchanan HS : RHP David Watson
|
Batting: SHB Iván Flores
|
0-0: Called Strike 0-1: TRIPLE (Flyball, 89XD)
|
Batting: RHB John Flowers
|
0-0: Ball 1-0: 2-RUN HOME RUN (Flyball, 7LD), Distance : 355 ft
|
Batting: LHB Damon Smith
|
0-0: Ball 1-0: Foul Ball, location: 2F 1-1: Called Strike 1-2: Ball 2-2: Foul Ball, location: 2F 2-2: SINGLE (Groundball, 6D)
|
Batting: SHB Keith Witt
|
0-0: Called Strike 0-1: Ball 1-1: Ball 2-1: Ball 3-1: Base on Balls Damon Smith to second
|
Batting: LHB David MacIntyre
|
0-0: DOUBLE (Line Drive, 89D) Damon Smith scores Keith Witt to third
|
Batting: RHB Thad Bauer
|
0-0: Ball 1-0: Swinging Strike 1-1: Foul Ball, location: 2F 1-2: Foul Ball, location: 2F 1-2: Ball 2-2: Strikes out swinging
|
Batting: LHB Stanton Wilson
|
0-0: Swinging Strike 0-1: Ball 1-1: Ball 2-1: Ball 3-1: Called Strike 3-2: Base on Balls
|
Batting: RHB Thomas Hollis
|
0-0: SINGLE (Groundball, 6MD) Keith Witt scores David MacIntyre to third Stanton Wilson to second
|
Pitching: RHP Norm Hinton
|
|
Batting: RHB Millard Tipton
|
0-0: Ball 1-0: Ball 2-0: Ball 3-0: Called Strike 3-1: Foul Ball, location: 2F 3-2: Foul Ball, location: 2F 3-2: Base on Balls David MacIntyre scores Stanton Wilson to third Thomas Hollis to second
|
Batting: SHB Iván Flores
|
0-0: Called Strike 0-1: Ball 1-1: Foul Ball, location: 2F 1-2: Ball 2-2: Ball 3-2: Base on Balls Stanton Wilson scores Thomas Hollis to third Millard Tipton to second
|
Batting: RHB John Flowers
|
0-0: Foul Ball, location: 2F 0-1: Swinging Strike 0-2: Ball 1-2: Ball 2-2: Ball 3-2: Base on Balls Thomas Hollis scores Millard Tipton to third Iván Flores to second
|
Pitching: LHP Lawrence Edmonds
|
|
Batting: LHB Damon Smith
|
0-0: Ball 1-0: Swinging Strike 1-1: Swinging Strike 1-2: Strikes out looking
|
Pitching: RHP Rusty Silva
|
|
Batting: SHB Keith Witt
|
0-0: Ball 1-0: Called Strike 1-1: Ground out 4-3 (Groundball, 4)
|
Bottom of the 8th over - 7 runs, 5 hits, 0 errors, 3 left on base; Buchanan HS 14 - Spanish Fork HS 11 |
TOP OF THE 9TH |
Buchanan HS batting - Pitching for Spanish Fork HS : LHP Mike Davis
|
Batting: LHB David Guillén
|
0-0: Called Strike 0-1: Foul Ball, location: 2F 0-2: Strikes out swinging
|
Batting: RHB Joe Ritchie
|
0-0: Foul Ball, location: 2F 0-1: Ball 1-1: Ball 2-1: Ball 3-1: Ground out 3-1 (Groundball, 34)
|
Batting: RHB Ed McGahaln
|
0-0: Ball 1-0: DOUBLE (Flyball, 78D)
|
Batting: RHB Jim Williams
|
0-0: Ball 1-0: Called Strike 1-1: Ball 2-1: Foul Ball, location: 2F 2-2: Ball 3-2: Strikes out swinging
|
Top of the 9th over - 0 runs, 1 hit, 0 errors, 1 left on base; Buchanan HS 14 - Spanish Fork HS 11 |
BOTTOM OF THE 9TH |
Spanish Fork HS batting - Pitching for Buchanan HS : RHP Rusty Silva
|
Pitching: RHP Fernando Acevedo
|
|
Batting: LHB David MacIntyre
|
0-0: Called Strike 0-1: Ball 1-1: Called Strike 1-2: Ball 2-2: Ball 3-2: Base on Balls
|
Batting: RHB Thad Bauer
|
0-0: Ball 1-0: Ball 2-0: Ball 3-0: Called Strike 3-1: Base on Balls David MacIntyre to second
|
Batting: LHB Stanton Wilson
|
0-0: Foul Ball, location: 2F 0-1: Ball 1-1: Ball 2-1: Fly out, F3 (Popup, 34)
|
Batting: RHB Thomas Hollis
|
0-0: Fielders Choice at 2nd, 3-6 (Groundball, 34) David MacIntyre to third
|
Batting: RHB Millard Tipton
|
0-0: Ball 1-0: Swinging Strike 1-1: Foul Ball, location: 2F 1-2: Ball 2-2: Ball 3-2: Strikes out swinging
|
Bottom of the 9th over - 0 runs, 0 hits, 0 errors, 2 left on base; Buchanan HS 14 - Spanish Fork HS 11 |
|